 Dungeon Crawl Stone Soup version 0.24-a0-586-g8e0e932a4c (webtiles) character file.

Game seed: 9875417011596810197, levelgen mode: deterministic

45506 Gargoyl the Envoy of Void (level 14, -10/116 HPs)
             Began as a Centaur Abyssal Knight on Sept 8, 2019.
             Was a High Priest of Lugonu.
             Mangled by a very large slime creature (39 damage)
             ... on level 12 of the Dungeon.
             The game lasted 00:28:33 (18977 turns).

Gargoyl the Envoy of Void (Centaur Abyssal Knight) Turns: 18977, Time: 00:28:34

Health: -10/116    AC: 14    Str: 18    XL:     14   Next: 1%
Magic:  22/22      EV:  9    Int: 11    God:    Lugonu [*****.]
Gold:   406        SH: 11    Dex: 13    Spells: 13/13 levels left

rFire    + . .     SeeInvis +   a - +5 hand axe (elec)
rCold    . . .     Gourm    .   o - +1 shield
rNeg     . . .     Faith    .   d - +2 chain mail {rPois}
rPois    +         Spirit   .   v - +0 helmet {SInv}
rElec    .         Reflect  .   M - scarf {cloud immunity}
rCorr    .         Harm     .   (no gloves)
MR       +++..                  (no barding)
Stlth    ..........             i - amulet of regeneration
HPRegen  1.09/turn              b - ring "Robeagaschu" {rF+ MR+ Slay+3 Stlth+}
MPRegen  0.18/turn              x - +5 ring of slaying

@: very quick
A: large, hooves 3, repulsion field 1, agile 1, deformed body, speed 2, magic
resistance 1, regeneration 1, tough skin 3
a: Depart the Abyss, Bend Space, Banish, Corrupt, Enter the Abyss, Renounce
Religion


You were on level 12 of the Dungeon.
You worshipped Lugonu.
Lugonu was extremely pleased with you.
You were not hungry.

You visited 2 branches of the dungeon, and saw 18 of its levels.
You visited the Abyss 1 time.
You also visited: Ossuary and Bailey.

You collected 1304 gold pieces.
You spent 898 gold pieces at shops.

Inventory:

Hand Weapons
 a - a +5 hand axe of electrocution (weapon)
 k - a +1 hand axe of flaming
 L - a +2 broad axe of chopping
Missiles
 t - 5 boomerangs
 u - 2 javelins (quivered)
Armour
 d - a +2 chain mail of poison resistance (worn)
 o - a +1 shield (worn)
 v - a +0 helmet of see invisible (worn)
 M - a scarf of cloud immunity (worn)
Jewellery
 b - the ring "Robeagaschu" (left hand) {rF+ MR+ Slay+3 Stlth+}
   (You bought it in a shop on level 10 of the Dungeon)

   [ring of stealth]

   It affects your accuracy and damage with ranged weapons and melee attacks
   (+3).
   It protects you from fire.
   It affects your resistance to hostile enchantments.
   It makes you more stealthy.
 e - a +3 ring of dexterity
 i - an amulet of regeneration (around neck)
 x - a +5 ring of slaying (right hand)
Wands
 y - a wand of polymorph (7)
 A - a wand of disintegration (7)
 G - a wand of paralysis (17)
 H - a wand of scattershot (3)
Scrolls
 f - 12 scrolls of teleportation
 g - 5 scrolls of fear
 h - 3 scrolls of identify
 m - 9 scrolls of remove curse
 s - 6 scrolls of magic mapping
 z - 2 scrolls of fog
 B - a scroll of silence {unknown}
 I - a scroll of holy word
Potions
 j - 3 potions of might
 l - 4 potions of resistance
 n - 2 potions of brilliance
 p - 3 potions of curing
 q - a potion of invisibility
 r - a potion of ambrosia
 w - a potion of berserk rage
 C - a potion of agility
 D - a potion of lignification
 E - a potion of cancellation
 F - 7 potions of flight
 J - 3 potions of magic
Comestibles
 c - 39 rations


   Skills:
 + Level 8.5 Fighting
 + Level 10.5 Axes
 + Level 2.3 Throwing
 * Level 9.9 Armour
 * Level 7.3 Dodging
 + Level 5.7 Shields
 * Level 11.6 Invocations
 + Level 1.7 Evocations


You had 13 spell levels left.
You didn't know any spells.
Your spell library contained the following spells:

 Spells                   Type           Power        Failure   Level  Hunger
 Beastly Appendage        Tmut           #.....       99%         1    ##.....
 Confusing Touch          Hex            #.....       99%         1    ##.....
 Corona                   Hex            #......      99%         1    ##.....
 Magic Dart               Conj           #...         99%         1    ##.....
 Summon Small Mammal      Summ           #...         99%         1    ##.....
 Blink                    Tloc           N/A          100%        2    ###....
 Call Imp                 Summ           #.......     100%        2    ###....
 Ensorcelled Hibernation  Hex/Ice        #.....       100%        2    ###....
 Slow                     Hex            #.......     100%        2    ###....
 Sticks to Snakes         Tmut           #.......     100%        2    ###....
 Call Canine Familiar     Summ           #.......     100%        3    ####...
 Confuse                  Hex            #.......     100%        3    ####...
 Conjure Flame            Conj/Fire      #.......     100%        3    ####...
 Dazzling Spray           Conj/Hex       #.....       100%        3    ####...
 Gell's Gravitas          Tloc           #.........   100%        3    ####...
 Mephitic Cloud           Conj/Pois/Air  #.......     100%        3    ####...
 Spider Form              Tmut/Pois      #.........   100%        3    ####...
 Summon Guardian Golem    Hex/Summ       #.......     100%        3    ####...
 Tukima's Dance           Hex            #.......     100%        3    ####...
 Cause Fear               Hex            #.........   100%        4    #####..
 Ice Form                 Ice/Tmut       #.......     100%        4    #####..
 Petrify                  Tmut/Erth      #.......     100%        4    #####..
 Summon Ice Beast         Ice/Summ       #.......     100%        4    #####..
 Summon Lightning Spire   Summ/Air       #.......     100%        4    #####..
 Blade Hands              Tmut           #.........   100%        5    ######.
 Metabolic Englaciation   Hex/Ice        #.........   100%        5    ######.
 Silence                  Hex/Air        #.........   100%        5    ######.
 Yara's Violent Unravell  Hex/Tmut       #.........   100%        5    ######.
 Conjure Ball Lightning   Conj/Air       #.........   100%        6    #######
 Deflect Missiles         Chrm/Air       #.........   100%        6    #######
 Discord                  Hex            #.........   100%        8    #######
 Tornado                  Air            #.........   100%        9    #######


Dungeon Overview and Level Annotations

Branches:
Dungeon (12/15)            Temple (0/1) D:5            Lair (6/6) D:9
  Swamp (0/4) Lair:3        Snake (0/4) Lair:3        Slime (0/5) Lair:6
    Orc (0/2) D:10        Ossuary (visited)          Bailey (visited)

Altars:
Dithmenos
Kikubaaqudgha
Okawaru
Qazlal
Ru
Trog
Vehumet
Wu Jian
Xom
Yredelemnul
Zin

Shops:
D:5 [[[   D:10 (=


Innate Abilities, Weirdness & Mutations

You have hooves in place of feet.
Armour fits poorly on your strangely shaped body.
You cover ground very quickly.
You have extremely tough skin. (AC +3)
You are surrounded by a mild repulsion field. (EV +2)
You are agile. (Dex +2)
You are resistant to hostile enchantments. (MR+)
Your natural rate of healing is unusually fast.


Message History

Your chain mail prevents you from hitting the slime creature.
You kick the slime creature!
You kill the slime creature!
Lugonu accepts your kill.
You have reached level 14!
You slash the very large slime creature!
You hit the slime creature.
Lightning courses through the slime creature!
You kill the slime creature!
Lugonu accepts your kill.
The very large slime creature hits you!!!
Your shield and chain mail prevent you from hitting the very large slime creature.
The very large slime creature is moderately wounded.
The very large slime creature hits you!!
* * * LOW HITPOINT WARNING * * *
You hit the very large slime creature.
The very large slime creature is moderately wounded.
A slime creature comes into view.
The very large slime creature hits you!!!
You die...

#.###.# #.# #.# #..##.#
###.######. ##.# #.....#
#........ #..#
#..######.......J #.## #..#
#........ #.# .. #..# ......#
#.# #.##..# ....# #.# #.##..#
#J.# #.# #.##..# #.####@.# #.#
#.##..# #.......# #.# #.##..#
######..##########.#
#.##..##########.............#
..................############
..###.#...........# #.#
#.#.########### #.# #.#.# #.#
#.#.#


You could see a very large slime creature and a slime creature.

Vanquished Creatures
  The ghost of Aghio the Covert, a journeyman HuAr of Trog (Lair:2)
  The ghost of functor the Cleaver, a journeyman HOBe of Trog (Lair:1)
  Josephine (D:11)
  A hydra (D:10)
  A centaur warrior (D:12)
  A catoblepas (Lair:6)
  A deep troll shaman (Lair:6)
  A two-headed ogre (D:12)
  5 death yaks (Lair:6)
  2 unseen horrors (D:10)
  A lindwurm (Lair:6)
  2 ugly things (D:12)
  Maurice (D:11)
  5 elephants
  4 black mambas
  A gargoyle (D:11)
  12 spiny frogs
  9 komodo dragons
  3 trolls
  A polar bear (Lair:6)
  A hornet (D:10)
  4 blink frogs (Lair:6)
  Grinder (D:3)
  7 hippogriffs
  6 slime creatures
  2 dream sheep (D:10)
  A shadow (D:11)
  5 wraiths (D:11)
  2 wyverns
  A basilisk (Lair:1)
  30 yaks
  A steam dragon (D:10)
  2 hungry ghosts
  3 nagas (Lair:3)
  A soldier ant (D:9)
  11 water moccasins
  5 porcupines
  2 ice beasts (D:9)
  4 sky beasts
  5 orc warriors
  4 black bears
  A tengu (D:9)
  17 wolves
  2 ogres
  9 crocodiles
  7 centaurs
  5 big kobolds
  14 bullfrogs
  A wyvern skeleton (D:10)
  2 scorpions
  13 killer bees
  5 wights (D:9)
  An electric eel (Lair:6)
  A howler monkey (D:8)
  7 crimson imps
  A centaur zombie (Ossuary)
  5 hounds
  A quasit (D:5)
  6 jellies
  2 human zombies (Ossuary)
  9 orc priests
  2 bullfrog skeletons
  2 centaur skeletons
  8 orc wizards
  3 iguanas
  9 worker ants
  A big kobold zombie (Ossuary)
  3 mummies (Ossuary)
  A hound skeleton (D:4)
  4 gnolls
  15 adders
  2 oozes
  2 adder zombies
  An adder skeleton (D:4)
  5 worms
  4 dart slugs
  3 leopard geckos
  30 orcs
  3 ball pythons
  15 bats
  6 giant cockroaches
  10 goblins
  8 hobgoblins
  14 jackals
  4 quokkas
  2 frilled lizards
  20 kobolds
  3 kobold zombies (Ossuary)
  A leopard gecko zombie (D:5)
  An orc zombie (Ossuary)
  A quokka zombie (D:5)
  6 rats
  3 fungi
  3 plants
456 creatures vanquished.

Vanquished Creatures (others)
  4 hydras
  An ugly thing (D:11)
  An oklob plant (Lair:6)
  2 elephants (Lair:4)
  2 bog bodies (Lair:3)
  5 fungi
  9 plants
24 creatures vanquished.

Grand Total: 480 creatures vanquished

Notes
Turn   | Place    | Note
-------+----------+-------------------------------------------
     0 | Abyss:1  | Gargoyl the Centaur Abyssal Knight began the quest for the
                  | Orb.
     0 | Abyss:1  | Reached XP level 1. HP: 19/19 MP: 2/2
    80 | Abyss:1  | Noticed a ynoxinul
    97 | Abyss:2  | Found a corrupted altar of Lugonu.
   193 | Abyss:3  | Noticed a smoke demon
   194 | D:1      | Escaped the Abyss
   268 | D:1      | Reached * piety under Lugonu
   352 | D:1      | Reached XP level 2. HP: 25/26 MP: 3/3
   367 | D:1      | Reached skill level 1 in Dodging
   543 | D:1      | Found an iron altar of Okawaru.
   723 | D:1      | Reached XP level 3. HP: 31/31 MP: 4/4
  1093 | D:2      | Reached XP level 4. HP: 36/39 MP: 5/5
  1568 | D:2      | Reached ** piety under Lugonu
  1943 | D:2      | Reached XP level 5. HP: 45/45 MP: 7/7
  1955 | D:2      | Reached skill level 3 in Invocations
  2219 | D:3      | Noticed an ogre
  2224 | D:3      | Killed an ogre
  2224 | D:3      | Reached XP level 6. HP: 22/52 MP: 8/8
  2921 | D:3      | Noticed Grinder
  2931 | D:3      | Paralysed by Grinder for 4 turns
  2951 | D:3      | Killed Grinder
  2951 | D:3      | Reached skill level 4 in Invocations
  2951 | D:3      | Reached XP level 7. HP: 25/58 MP: 8/10
  3521 | D:4      | Noticed an air elemental
  3522 | D:4      | Found a stormy altar of Qazlal.
  3530 | D:4      | Noticed a fire elemental
  3531 | D:4      | Noticed a water elemental
  4551 | D:5      | Entered Level 5 of the Dungeon
  4709 | D:5      | Gained mutation: Your magical capacity is low. (-10% MP)
                  | [potion of mutation]
  4709 | D:5      | Gained mutation: You are agile. (Dex +2) [potion of
                  | mutation]
  4709 | D:5      | Gained mutation: You have a pair of small antennae on your
                  | head. [potion of mutation]
  4726 | D:5      | Found Bozaucke's Armour Shop.
  4735 | D:5      | Bought a +2 chain mail of poison resistance for 203 gold
                  | pieces
  4829 | D:5      | Found a basalt altar of Yredelemnul.
  4840 | D:5      | Reached *** piety under Lugonu
  5058 | D:5      | Lost mutation: You are agile. (Dex +2) [potion of mutation]
  5058 | D:5      | Lost mutation: You have a pair of small antennae on your
                  | head. [potion of mutation]
  5058 | D:5      | Gained mutation: Your muscles are strong. (Str +2) [potion
                  | of mutation]
  5058 | D:5      | Gained mutation: You are partially covered in iridescent
                  | scales. (AC +2) [potion of mutation]
  5058 | D:5      | Gained mutation: You are occasionally teleported next to
                  | monsters. [potion of mutation]
  5058 | D:5      | Gained mutation: You are resistant to hostile enchantments.
                  | (MR+) [potion of mutation]
  5104 | D:5      | Found Ublucan's Armour Emporium.
  5109 | D:5      | Found Sokkos's Armour Emporium.
  5225 | D:5      | Found a staircase to the Ecumenical Temple.
  5704 | D:6      | Found an ornate altar of the Wu Jian Council.
  6127 | D:6      | Found a shadowy altar of Dithmenos.
  6386 | D:7      | Reached XP level 8. HP: 66/67 MP: 10/10
  6402 | D:7      | Found an ancient bone altar of Kikubaaqudgha.
  6440 | D:7      | Found a sacrificial altar of Ru.
  6441 | D:7      | Found a glowing silver altar of Zin.
  6528 | D:7      | Reached skill level 5 in Invocations
  6555 | D:7      | Reached skill level 1 in Shields
  6621 | D:7      | Found an ancient bone altar of Kikubaaqudgha.
  6684 | D:7      | Noticed a hippogriff
  6741 | D:6      | Killed a hippogriff
  6775 | D:7      | Reached skill level 1 in Throwing
  6896 | D:7      | Reached skill level 5 in Axes
  7242 | D:8      | Reached skill level 5 in Fighting
  7264 | D:8      | Reached XP level 9. HP: 74/74 MP: 12/12
  7341 | D:8      | Reached **** piety under Lugonu
  7406 | D:8      | Reached skill level 5 in Armour
  7538 | D:8      | Reached skill level 6 in Invocations
  7602 | D:8      | Found a bloodstained altar of Trog.
  7608 | D:8      | Found a shimmering altar of Xom.
  7819 | D:8      | Found a sand-covered staircase.
  7828 | Ossuary  | Entered an ossuary
  8128 | D:8      | Identified the +2 leather armour of Reuf {+Inv}
  8435 | D:9      | Noticed Joseph
  8496 | D:9      | Noticed Joseph
  8496 | D:9      | Joseph changed into Joseph the tengu
  8505 | D:9      | Killed Joseph the tengu
  8627 | D:9      | Reached ***** piety under Lugonu
  9005 | D:9      | Found a flagged portal.
  9015 | Bailey   | Entered a bailey
  9055 | D:9      | Reached XP level 10. HP: 65/83 MP: 13/13
  9104 | D:9      | Lost mutation: Your magical capacity is low. (-10% MP)
                  | [potion of mutation]
  9104 | D:9      | Lost mutation: Your muscles are strong. (Str +2) [potion of
                  | mutation]
  9104 | D:9      | Lost mutation: You are partially covered in iridescent
                  | scales. (AC +2) [potion of mutation]
  9104 | D:9      | Gained mutation: You are dopey. (Int -2) [potion of
                  | mutation]
  9104 | D:9      | Gained mutation: You are surrounded by a mild repulsion
                  | field. (EV +2) [potion of mutation]
  9261 | D:9      | Found a staircase to the Lair.
  9425 | Lair:1   | Entered Level 1 of the Lair of Beasts
  9434 | Lair:1   | Reached skill level 7 in Invocations
  9442 | Lair:1   | Noticed a black mamba
  9454 | D:9      | HP: 3/83 [black mamba (10)]
  9461 | D:9      | Killed a black mamba
  9461 | D:9      | Reached skill level 1 in Evocations
  9778 | Lair:1   | You fall into a shaft and drop 1 floor!
 10068 | Lair:2   | Noticed a spiny frog
 10076 | Lair:2   | Killed a spiny frog
 10304 | Lair:1   | Noticed a spiny frog
 10310 | Lair:1   | Killed a spiny frog
 10332 | Lair:1   | Noticed a spiny frog
 10345 | Lair:1   | Killed a spiny frog
 10460 | Lair:1   | Found a runed translucent gate.
 10460 | Lair:1   | Found a runed translucent gate.
 10464 | Lair:1   | Noticed functor's ghost (journeyman HOBe)
 10465 | Lair:1   | Found a runed translucent gate.
 10465 | Lair:1   | Noticed a ten-headed hydra
 11303 | Lair:2   | Found a runed translucent gate.
 11303 | Lair:2   | Found a runed translucent gate.
 11303 | Lair:2   | Found a runed translucent gate.
 11304 | Lair:2   | Noticed an 11-headed hydra
 11304 | Lair:2   | Noticed Aghio's ghost (journeyman HuAr)
 11586 | Lair:2   | Noticed a ten-headed hydra
 11610 | Lair:3   | Found a staircase to the Swamp.
 11632 | Lair:3   | Noticed a spiny frog
 11639 | Lair:3   | Killed a spiny frog
 11639 | Lair:3   | Reached XP level 11. HP: 36/89 MP: 5/16
 11865 | Lair:3   | Found a staircase to the Snake Pit.
 11983 | Lair:3   | Reached skill level 8 in Invocations
 12445 | Lair:4   | Reached skill level 5 in Dodging
 12687 | Lair:4   | Lost mutation: You are dopey. (Int -2) [potion of mutation]
 12687 | Lair:4   | Lost mutation: You are occasionally teleported next to
                  | monsters. [potion of mutation]
 12687 | Lair:4   | Gained mutation: Your natural rate of healing is unusually
                  | fast. [potion of mutation]
 12687 | Lair:4   | Gained mutation: You are agile. (Dex +2) [potion of
                  | mutation]
 13140 | Lair:4   | Reached skill level 9 in Invocations
 13693 | Lair:5   | Noticed a six-headed hydra
 13695 | Lair:5   | Banished a six-headed hydra
 14083 | Lair:6   | Entered Level 6 of the Lair of Beasts
 14084 | Lair:6   | Noticed a lindwurm
 14092 | Lair:6   | Killed a lindwurm
 14187 | Lair:6   | Reached XP level 12. HP: 77/100 MP: 19/19
 14362 | Lair:6   | Noticed a catoblepas
 14362 | Lair:6   | Noticed a death yak
 14362 | Lair:6   | Noticed a death yak
 14362 | Lair:6   | Noticed a death yak
 14362 | Lair:6   | Noticed a death yak
 14362 | Lair:6   | Noticed a death yak
 14430 | Lair:6   | Noticed a seven-headed hydra
 14431 | Lair:6   | Banished a seven-headed hydra
 14448 | Lair:6   | Killed a catoblepas
 14751 | Lair:6   | Reached skill level 10 in Invocations
 14992 | Lair:6   | Found a staircase to the Slime Pits.
 15080 | Lair:6   | Found a radiant altar of Vehumet.
 15091 | Lair:6   | HP: 2/101 [acid (5)]
 15394 | Lair:6   | Reached skill level 5 in Shields
 15448 | Lair:6   | Noticed a deep troll shaman
 15461 | Lair:6   | Killed a death yak
 15466 | Lair:6   | Killed a death yak
 15474 | Lair:6   | Killed a death yak
 15474 | Lair:6   | Reached XP level 13. HP: 45/107 MP: 20/20
 16229 | Lair:2   | Killed Aghio's ghost
 16354 | Lair:1   | Killed functor's ghost
 16655 | D:10     | Entered Level 10 of the Dungeon
 16661 | D:10     | Reached skill level 11 in Invocations
 16767 | D:10     | Found Vuntu's Jewellery Shoppe.
 16791 | D:10     | Paralysed by a hornet for 3 turns
 16817 | D:10     | Bought the ring "Robeagaschu" {rF+ MR+ Slay+3 Stlth+} for
                  | 695 gold pieces
 16933 | D:10     | Found a staircase to the Orcish Mines.
 16934 | D:10     | Found Lannim's Weapon Emporium.
 17563 | D:11     | Noticed Josephine
 17577 | D:11     | Killed Josephine
 17577 | D:11     | Reached skill level 10 in Axes
 17583 | D:11     | Noticed Maurice
 17593 | D:11     | Killed Maurice
 18974 | D:12     | Reached XP level 14. HP: 103/116 MP: 22/22
 18977 | D:12     | Mangled by a very large slime creature

Levels and vault maps discovered:
D:1:      lemuel_arrival_muddy, layout_rooms, okawaru_ov_weapons_minmay
D:2:      layout_basic
D:3:      layout_basic, uniq_grinder
D:4:      layout_layer_cave, nicolae_qazlal_style_of_elements
D:5:      layout_basic, minmay_temple_entry_nine_rooms, serial_shops,
          shop_statue, nicolae_shop_statue_plus, shop, first_ration,
          yredelemnul_altar_generic
D:6:      layout_basic, nicolae_overflow_crystal_walls, lemuel_round_altar,
          minmay_door_square
D:7:      layout_rooms, lemuel_doored_altar, gammafunk_temple_overflow_pools,
          basic_altar
D:8:      layout_basic, amethyst_overflow_temple_binary, enter_ossuary_1
D:9:      layout_rooms, david_lair_shrubbed, enter_bailey_3, uniq_joseph
D:10:     layout_loops_cross, orc_david_3, serial_shops, shop, hangedman_ranch
          [blue_anna_fruit_fields]
D:11:     layout_layer_cave, uniq_josephine, uniq_maurice
D:12:     layout_loops_ring
Lair:1:   layout_cave_pods, gammafunk_ghost_hydra_chop
Lair:2:   layout_regular_city, portal_ice_cave_entry_pillars_2,
          gammafunk_ghost_hydra_chop
Lair:3:   layout_roguey, skrybe_swamp_entry_bodies,
          minmay_snake_entry_guardpost_medium, chequers_serial_rivers_large_b
Lair:4:   layout_small_grid, beast_lair_carwin_3, serial_bayou_shore_b,
          lemuel_fruit_fields
Lair:5:   layout_misc_corridors, columned_hall_lemuel, lemuel_fruit_fields
Lair:6:   grunt_lair_end_beastmaster, layout_long_grid,
          minmay_slime_entry_pillars, nicolae_quartered_pool_medium,
          lemuel_oklob_altar, grunt_megastairs_2

Skill      XL: |  1  2  3  4  5  6  7  8  9 10 11 12 13 |
---------------+----------------------------------------+-----
Dodging        | 1 2 3 4 5 6 7 |  7.3
Axes           | 2 3 4 5 6 7 8 9 10 | 10.5
Armour         | 2 3 4 5 6 8 9 |  9.9
Invocations    | 3 4 5 6 7 9 10 11 | 11.6
Fighting       | 4 5 6 7 8 |  8.5
Shields        | 1 3 4 5 |  5.7
Throwing       | 1 2 |  2.3
Evocations     | 1 |  1.7

Action                   |  1- 3 |  4- 6 |  7- 9 | 10-12 | 13-15 || total
-------------------------+-------+-------+-------+-------+-------++-------
Melee: Hand axe          |    52 |   144 |   551 |   448 |   301 ||  1496
       Kick              |     8 |    31 |   158 |   167 |   101 ||   465
Throw: Javelin           |       |       |     8 |     7 |       ||    15
       Boomerang         |       |       |     4 |     8 |       ||    12
Invok: Depart the Abyss  |     1 |       |       |       |       ||     1
       Banish            |       |       |       |     9 |     7 ||    16
       Bend Space        |       |       |       |     1 |       ||     1
Evoke: Wand              |       |       |     4 |    14 |       ||    18
  Use: Scroll            |     5 |     6 |    13 |    10 |     2 ||    36
       Potion            |     1 |     2 |     6 |     8 |       ||    17
  Eat: Chunk             |       |     5 |    17 |    16 |     9 ||    47
       Ration            |       |       |     1 |     1 |     1 ||     3
Armor: Leather armour    |    27 |       |       |       |       ||    27
       Chain mail        |    14 |   101 |   361 |   151 |   128 ||   755
       Skin              |       |       |    19 |       |       ||    19
Dodge: Dodged            |    22 |    45 |    95 |   122 |   103 ||   387
Block: Shield            |       |     5 |   338 |   226 |   154 ||   723

Table legend:
 A = Non-vault XP
 B = Vault XP
 C = Vault XP percentage of total XP
 D = Non-vault monster count
 E = Vault monster count
 F = Vault count percentage of total count
                 A         B        C        D         E       F
            +---------+---------+-------+---------+---------+-------
      Total |   39498 |   25511 |  39.2 |     377 |      85 |  18.4
            +---------+---------+-------+---------+---------+-------
        D:1 |      83 |       0 |   0.0 |      25 |       0 |   0.0
        D:2 |     136 |       0 |   0.0 |      31 |       0 |   0.0
        D:3 |     272 |     267 |  49.5 |      22 |       1 |   4.3
        D:4 |     274 |       0 |   0.0 |      14 |       0 |   0.0
        D:5 |     329 |       0 |   0.0 |      14 |       0 |   0.0
        D:6 |     364 |       0 |   0.0 |       8 |       0 |   0.0
        D:7 |     793 |       0 |   0.0 |      21 |       0 |   0.0
        D:8 |    1125 |       0 |   0.0 |      30 |       0 |   0.0
        D:9 |    2306 |     468 |  16.9 |      40 |       6 |  13.0
       D:10 |    4672 |    2487 |  34.7 |      25 |      12 |  32.4
       D:11 |    2764 |    2357 |  46.0 |      28 |       6 |  17.6
       D:12 |    7438 |       0 |   0.0 |      32 |       0 |   0.0
     Lair:1 |    2725 |    1525 |  35.9 |      13 |       2 |  13.3
     Lair:2 |     896 |    2243 |  71.5 |       4 |       3 |  42.9
     Lair:3 |    2242 |     869 |  27.9 |      12 |       5 |  29.4
     Lair:4 |    3381 |    1921 |  36.2 |      15 |       5 |  25.0
     Lair:5 |    1705 |     624 |  26.8 |       8 |       2 |  20.0
     Lair:6 |    7993 |   12524 |  61.0 |      35 |      30 |  46.2
    Ossuary |       0 |     220 | 100.0 |       0 |      11 | 100.0
     Bailey |       0 |       6 | 100.0 |       0 |       2 | 100.0
            +---------+---------+-------+---------+---------+-------
